 Dungeon Crawl Stone Soup version 0.29-a0-23-ga79f92ac9c (webtiles) character file.

Game seed: 2447344801681188422

450 HallandMoats the Skirmisher (level 7, -6/60 HPs)
             Began as a Ghoul Monk on Jan 30, 2022.
             Was a Priest of Cheibriados.
             Mangled by a gnoll sergeant (8 damage)
             ... on level 4 of the Dungeon.
             The game lasted 00:04:10 (4276 turns).

HallandMoats the Skirmisher (Ghoul Monk)            Turns: 4276, Time: 00:04:11

Health: -6/60      AC:  6    Str: 23    XL:     7   Next: 4%
Magic:  3/8        EV: 17    Int: 11    God:    Cheibriados [***...]
Gold:   147        SH:  0    Dex: 17    Spells: 6/6 levels left

rFire   . . .      SeeInvis +     - Unarmed
rCold   + . .      Faith    .   (no shield)
rNeg    + + +      Spirit   .   c - +0 ring mail
rPois   ∞          Reflect  .   i - +0 helmet {SInv}
rElec   .          Harm     .   (no cloak)
rCorr   .          Rampage  .   (no gloves)
Will    .....                   (no boots)
Stlth   ++........              (no amulet)
HPRegen 0.00/turn               f - +4 ring of evasion
MPRegen 0.11/turn               (no ring)

@: inhibited regen, very slow
A: claws 1, cold resistance 1, negative energy resistance 3, inhibited
regeneration, torment resistance 2
a: Renounce Religion, Bend Time, Temporal Distortion


You were on level 4 of the Dungeon.
You worshipped Cheibriados.
Cheibriados was most pleased with you.
You visited 1 branch of the dungeon, and saw 5 of its levels.

You collected 147 gold pieces.

Inventory:

Hand Weapons
 a - the +12 spear "Fiodif" {antimagic, rN+ Int+2}
   (You found it on level 5 of the Dungeon)

   It reduces the magical energy of the wielder, and disrupts the spells and
   magical abilities of those it strikes.
   Natural abilities and divine invocations are not affected.
   Int:       It affects your intelligence (+2).
   rN:        It protects you from negative energy.
Armour
 c - a +0 ring mail (worn)
 i - a +0 helmet of see invisible (worn)
Jewellery
 f - a +4 ring of evasion (left claw)
 k - a +6 ring of intelligence
Wands
 j - a wand of polymorph (8)
 q - a wand of acid (14)
Scrolls
 e - a scroll of summoning {unknown}
 g - 2 scrolls of magic mapping {unknown}
 m - a scroll of immolation {unknown}
 n - 3 scrolls of teleportation {unknown}
 o - a scroll of blinking {unknown}
 p - 2 scrolls of silence {unknown}
 r - a scroll of identify {unknown}
 t - a scroll of fog {unknown}
 u - a scroll of acquirement {unknown}
Potions
 b - 2 potions of curing {unknown}
 d - a potion of brilliance {unknown}
 h - a potion of degeneration {unknown}
 l - 2 potions of heal wounds {unknown}
 s - 2 potions of attraction {unknown}
 v - a potion of flight {unknown}
 w - a potion of mutation {unknown}


   Skills:
 + Level 4.5 Fighting
 * Level 2.6 Polearms
 + Level 2.4 Armour
 + Level 3.8 Dodging
 - Level 2.1 Stealth
 - Level 4.0 Unarmed Combat
 + Level 2.8 Invocations


You had 6 spell levels left.
You didn't know any spells.
Your spell library contained the following spells:

 Spells                   Type           Power      Damage    Failure   Level
 Call Canine Familiar     Summ           0%         N/A       86%         3
 Portal Projectile        Hex/Tloc       0%         N/A       86%         3
 Leda's Liquefaction      Hex/Erth       0%         N/A       99%         4


Dungeon Overview and Level Annotations

Branches:
Dungeon (5/15)             Temple (0/1) D:4

Altars:
Cheibriados
Hepliaklqana
Okawaru
Qazlal
Ru


Innate Abilities, Weirdness & Mutations

You thrive by killing the living.
You are immune to poison.
You have sharp fingernails.
Your flesh is cold resistant. (rC+)
You are immune to negative energy. (rN+++)
You do not regenerate when monsters are visible.
You are immune to unholy pain and torment.


Message History

You completely miss the gnoll.
The gnoll is heavily wounded.
The gnoll sergeant hits you with a +2 vorpal trident!
The gnoll barely misses you.
You scratch the gnoll.
The gnoll is severely wounded.
The gnoll sergeant hits you with a +2 vorpal trident.
The gnoll hits you with a +0 whip.
You scratch the gnoll sergeant.
The gnoll sergeant is lightly wounded.
The gnoll sergeant misses you. The gnoll closely misses you.
You closely miss the gnoll sergeant.
The gnoll sergeant is lightly wounded.
The gnoll sergeant hits you with a +2 vorpal trident!
* * * LOW HITPOINT WARNING * * *
x2 The gnoll hits you but does no damage.
You claw the gnoll sergeant!
The gnoll sergeant is heavily wounded.
The gnoll sergeant hits you with a +2 vorpal trident.
* * * LOW HITPOINT WARNING * * *
x2 The gnoll misses you.
You scratch the gnoll sergeant.
The gnoll sergeant is heavily wounded.
The gnoll sergeant hits you but does no damage.
The gnoll misses you.
Okay, then.
You scratch the gnoll.
The gnoll is almost dead.
The gnoll sergeant hits you with a +2 vorpal trident!
* * * LOW HITPOINT WARNING * * *
x2 The gnoll misses you.
You claw the gnoll!
You kill the gnoll!
Cheibriados appreciates the change of pace.
The gnoll sergeant hits you with a +2 vorpal trident.
* * * LOW HITPOINT WARNING * * *
x2 You scratch the gnoll sergeant but do no damage.
The gnoll sergeant is heavily wounded.
The gnoll sergeant hits you with a +2 vorpal trident!
You die...

..♣♣♣♣♣♣♣..# #.###.#
..♣.....♣.## #########.#...#
..♣.._..♣## #.......))..###
..♣♣...♣♣##### #......)....#
.............# #...........#
.............# #########.#.#
#)##.........# #.#.#
#.##.........####### #.#.#
................@).#####.#.#
#)#..........###g..[.....#.#
#.#..........###.#########.#
#.#..............#########.###
#.#.#########........÷.......#
#.#.#########.############.#.###
#...........#.# #<# #.........#
#...........#.# #.# ###.#.#.#.#
#...........#.####.###...#.#.#.#


You could see a gnoll sergeant.

Vanquished Creatures
  Blork the orc (D:5)
  A scorpion (D:4)
  A howler monkey (D:5)
  A hound (D:3)
  A jelly (D:4)
  An iguana (D:5)
  A centaur skeleton (D:4)
  Robin (D:2)
  3 gnolls
  4 adders
  An adder skeleton (D:4)
  3 worms
  7 orcs
  9 ball pythons
  An endoplasm (D:2)
  2 giant cockroaches
  9 goblins
  9 hobgoblins
  7 jackals
  5 kobolds
  2 quokkas (D:2)
  2 bats
  A frilled lizard (D:2)
  4 rats
77 creatures vanquished.

Notes
Turn   | Place    | Note
-------+----------+-------------------------------------------
     0 | D:1      | HallandMoats the Ghoul Monk began the quest for the Orb.
     0 | D:1      | Reached XP level 1. HP: 19/19 MP: 0/0
   141 | D:1      | Reached XP level 2. HP: 26/26 MP: 1/1
   658 | D:2      | Reached XP level 3. HP: 25/31 MP: 2/2
   882 | D:2      | Reached skill level 1 in Armour
  1244 | D:2      | Reached skill level 1 in Invocations
  1472 | D:2      | Noticed Robin
  1487 | D:2      | Killed Robin
  1488 | D:2      | Reached XP level 4. HP: 40/40 MP: 3/3
  1669 | D:2      | Found a faded altar of an unknown god.
  2165 | D:3      | Found a snail-covered altar of Cheibriados.
  2174 | D:3      | Became a worshipper of Cheibriados the Contemplative
  2174 | D:3      | Reached * piety under Cheibriados
  2174 | D:3      | Reached ** piety under Cheibriados
  2419 | D:3      | You fall into a shaft and drop 2 floors!
  2419 | D:5      | Entered Level 5 of the Dungeon
  2430 | D:5      | Identified the +12 spear "Fiodif" {antimagic, rN+ Int+2}
  2454 | D:5      | Reached XP level 5. HP: 33/46 MP: 1/5
  2476 | D:5      | Reached skill level 1 in Polearms
  2600 | D:5      | Noticed Blork the orc
  2614 | D:5      | Killed Blork the orc
  2615 | D:5      | Reached XP level 6. HP: 26/52 MP: 2/6
  3234 | D:4      | Found a hazy altar of Hepliaklqana.
  3243 | D:4      | Found a stormy altar of Qazlal.
  3308 | D:4      | Found an iron altar of Okawaru.
  3528 | D:4      | Found a sacrificial altar of Ru.
  3635 | D:4      | Reached *** piety under Cheibriados
  3700 | D:4      | Found a staircase to the Ecumenical Temple.
  4090 | D:5      | Reached XP level 7. HP: 47/60 MP: 8/8
  4275 | D:4      | HP: 3/60 [gnoll sergeant (1)]
  4276 | D:4      | Mangled by a gnoll sergeant

Illustrated notes

Levels and vault maps discovered:
D:1:      evilmike_arrival_fibonacci_small, layout_rooms
D:2:      layout_basic, shapermc_ecumenical_altar_mp_vishouse, uniq_robin
D:3:      layout_loops_corners, slow_altar_2, corexii_item_surrounded_by_moat,
          grunt_ministairs_8, kennysheep_generic_room_7
D:4:      layout_basic, mainiacjoe_overflow_alcove_1, lemuel_crystal_altar,
          lemuel_crystal_altar, nicolae_qazlal_scattered_showers,
          temple_fountains
D:5:      layout_loops_ring, skrybe_limestone_x, cheibrodos_gnoll_hut,
          uniq_blork_the_orc

Skill      XL: |  1  2  3  4  5  6 |
---------------+-------------------+-----
Armour         | 1 2 |  2.4
Dodging        | 3 |  3.8
Invocations    | 1 2 |  2.8
Fighting       | 4 |  4.5
Polearms       | 1 2 |  2.6
Unarmed Combat | 4 |  4.0
Stealth        | |  2.1

Action                   |  1- 3 |  4- 6 |  7- 9 || total
-------------------------+-------+-------+-------++-------
Melee: Unarmed           |   102 |   139 |    11 ||   252
       Punch             |     1 |     3 |       ||     4
       Spear             |       |    27 |       ||    27
 Stab: Distracted        |       |     2 |       ||     2
       Sleeping          |       |     2 |       ||     2
Armor: Ring mail         |    27 |    32 |     4 ||    63
Dodge: Dodged            |    55 |   141 |    14 ||   210

Table legend: (Time is in decaauts)
 A = Elapsed time spent in this place.
 B = Non-inter-level travel time spent in this place.
 C = Inter-level travel time spent in this place.
 D = Time resting spent in this place.
 E = Time spent auto-exploring this place.
 F = Levels seen in this place.
 G = Mean time per level.
                   A        B        C        D        E       F      G
               +--------+--------+--------+--------+--------+-----+--------+
         Total |   4948 |   4789 |    159 |    304 |   3823 |   5 |  989.6 |
       Dungeon |   4948 |   4789 |    159 |    304 |   3823 |   5 |  989.6 |
               +--------+--------+--------+--------+--------+-----+--------+

Top non-repeatable levels by time:
     D:4: 1517 daAuts
     D:2: 1378 daAuts
     D:3: 1255 daAuts
     D:1: 484 daAuts
     D:5: 312 daAuts
